[Event "ICCopen2016"]
[Site "Internet Chess Club"]
[Date "2016.06.04"]
[Round "6"]
[White "supermouse"]
[Black "depressnyak"]
[Result "0-1"]
[ICCResult "White resigns"]
[WhiteElo "2680"]
[BlackElo "3138"]
[Opening "King's Indian: fianchetto without c4"]
[ECO "A49"]
[NIC "QP.06"]
[Time "14:57:09"]
[TimeControl "180+0"]

1. d4 Nf6 2. Nf3 g6 3. g3 Bg7 4. Bg2 O-O 5. O-O d6 6. Nc3 Nbd7 7. e4 e5 8.
h3 c6 9. Be3 Re8 10. Re1 d5 11. dxe5 Nxe4 12. Nxe4 dxe4 13. e6 exf3 14. exd7
Qxd7 15. Qxf3 Qf5 16. c3 Qxf3 17. Bxf3 Bxh3 18. Bc5 Rxe1+ 19. Rxe1 Be6 20.
a4 a5 21. Bb6 Bf6 22. Rd1 h5 23. Rd2 Kg7 24. Kf1 Ra6 25. Bc7 b5 26. Be2 Ra7
27. Bb6 Rb7 28. Bxa5 bxa4 29. Bb4 Be7 30. Bxe7 Rxe7 31. Rd4 Bh3+ 32. Ke1 Bg4
33. Rd2 g5 34. Kd1 Rxe2 35. Rxe2 Kf6 36. Kd2 Bxe2 37. Kxe2 Ke5 38. Ke3 Kd5
39. Kd3 h4 {White resigns} 0-1

[Event "ICCopen2016"]
[Site "Internet Chess Club"]
[Date "2016.06.04"]
[Round "6"]
[White "YKQ"]
[Black "Skeptic1972"]
[Result "1-0"]
[ICCResult "Black resigns"]
[WhiteElo "2551"]
[BlackElo "1370"]
[Opening "English: Neo-Catalan declined"]
[ECO "A14"]
[NIC "RE.08"]
[Time "14:57:18"]
[TimeControl "180+0"]

1. c4 e6 2. Nf3 d5 3. g3 Nf6 4. Bg2 Be7 5. O-O O-O 6. b3 b6 7. Bb2 Bb7 8. e3
c5 9. Qe2 dxc4 10. bxc4 Nc6 11. Rd1 Qc7 12. Nc3 a6 13. d3 Rfd8 14. Rab1 Na7
15. Ba1 Bc6 16. d4 cxd4 17. exd4 b5 18. d5 exd5 19. cxd5 Nxd5 20. Ne4 b4 21.
Ne5 Bb5 22. Qh5 g6 23. Qf3 f5 24. Rxd5 Rxd5 25. Nf6+ Bxf6 26. Qxd5+ Kg7 27.
Qxa8 {Black resigns} 1-0

[Event "ICCopen2016"]
[Site "Internet Chess Club"]
[Date "2016.06.04"]
[Round "6"]
[White "dwibs"]
[Black "mrquinn"]
[Result "1-0"]
[ICCResult "Black checkmated"]
[WhiteElo "1579"]
[BlackElo "1359"]
[Opening "Scandinavian defense"]
[ECO "B01"]
[NIC "SD.03"]
[Time "14:57:25"]
[TimeControl "180+0"]

1. e4 d5 2. exd5 Nf6 3. d4 Bg4 4. Nf3 Qxd5 5. c4 Qf5 6. Be2 Nc6 7. Nc3 O-O-O
8. Be3 e5 9. d5 Bxf3 10. Bxf3 Nd4 11. Bxd4 exd4 12. Qxd4 Re8+ 13. Ne2 Qc2
14. O-O h5 15. Qxa7 Bd6 16. Nd4 Qd3 17. Qa8+ Kd7 18. Qa4+ Kc8 19. Nb5 Bc5
20. Qa8+ Kd7 21. Qxb7 Ng4 22. Qxc7# {Black checkmated} 1-0

[Event "ICCopen2016"]
[Site "Internet Chess Club"]
[Date "2016.06.04"]
[Round "6"]
[White "jjn"]
[Black "Tova77"]
[Result "0-1"]
[ICCResult "White resigns"]
[WhiteElo "1812"]
[BlackElo "1640"]
[Opening "Vienna gambit: Paulsen attack"]
[ECO "C29"]
[NIC "VG.03"]
[Time "14:57:28"]
[TimeControl "180+0"]

1. e4 e5 2. Nc3 Nf6 3. f4 d5 4. fxe5 Nxe4 5. Qf3 Nxc3 6. dxc3 Be7 7. Bf4 O-O
8. O-O-O c6 9. Qg3 Bh4 10. Qf3 Bg5 11. Bd3 Bxf4+ 12. Qxf4 h6 13. h4 Qd7 14.
Nf3 Qg4 15. Qe3 Bf5 16. Bxf5 Qxf5 17. g4 Qe6 18. h5 f6 19. Rde1 Nd7 20. exf6
Qxe3+ 21. Rxe3 Nxf6 22. g5 Ng4 23. Rd3 Nf2 24. Rf1 Nxd3+ 25. cxd3 hxg5 26.
Kd2 g4 27. Nh2 Rxf1 28. Nxf1 Rf8 29. Ng3 Rf2+ 30. Ke3 Rxb2 31. Kf4 Rxa2 32.
Nf5 Rf2+ 33. Kxg4 Rxf5 34. Kxf5 a5 {White resigns} 0-1

[Event "ICCopen2016"]
[Site "Internet Chess Club"]
[Date "2016.06.04"]
[Round "6"]
[White "dafresh"]
[Black "ajedrezlento"]
[Result "1/2-1/2"]
[ICCResult "Game drawn by repetition"]
[WhiteElo "2213"]
[BlackElo "1857"]
[Opening "Queen's pawn"]
[ECO "A40"]
[NIC "QO.17"]
[Time "14:57:23"]
[TimeControl "180+0"]

1. d4 a5 2. e4 g6 3. Nc3 Bg7 4. Bc4 e6 5. Nf3 Ne7 6. h4 h6 7. Be3 d5 8. Bd3
dxe4 9. Nxe4 Nf5 10. Qe2 Nxe3 11. fxe3 Qe7 12. O-O-O b6 13. Kb1 Ba6 14. Bxa6
Nxa6 15. Rhf1 O-O 16. h5 g5 17. g4 Nb4 18. a3 Nd5 19. c4 Nf6 20. Qc2 Nxg4
21. Qe2 f5 22. Nc3 c6 23. e4 f4 24. e5 Ne3 25. Ne4 Rad8 26. Nd6 Rxd6 27.
exd6 Qxd6 28. Qd3 Nxf1 29. Rxf1 g4 30. Rg1 gxf3 31. Rxg7+ Kxg7 32. Qg6+ Kh8
33. Qxh6+ Kg8 34. Qg6+ Kh8 35. Qh6+ Kg8 36. Qg6+ Kh8 37. Qh6+ Kg8 38. Qg6+
{Game drawn by repetition}
1/2-1/2

[Event "ICCopen2016"]
[Site "Internet Chess Club"]
[Date "2016.06.04"]
[Round "6"]
[White "x22"]
[Black "marjose"]
[Result "1-0"]
[ICCResult "Black resigns"]
[WhiteElo "2411"]
[BlackElo "1770"]
[Opening "Van't Kruijs opening"]
[ECO "A00"]
[Time "14:56:58"]
[TimeControl "180+0"]

1. e3 e5 2. Ne2 d5 3. d4 Nc6 4. c4 exd4 5. Nxd4 Nf6 6. cxd5 Qxd5 7. Nc3 Bb4
8. Bd2 Bxc3 9. Bxc3 O-O 10. Nb5 Qf5 11. Bd3 Qg5 12. O-O Nd5 13. h4 Qxh4 14.
Bxh7+ Qxh7 15. Qxd5 Be6 16. Qf3 Rac8 17. Qg3 a6 18. Nxc7 Bc4 19. Rfd1 Rfd8
20. b3 Be2 21. Re1 Bh5 22. e4 Bg6 23. Nd5 Bxe4 24. Nf6+ {Black resigns} 1-0

[Event "ICCopen2016"]
[Site "Internet Chess Club"]
[Date "2016.06.04"]
[Round "6"]
[White "SuperGMBobbyF"]
[Black "milinanana"]
[Result "0-1"]
[ICCResult "White resigns"]
[WhiteElo "1238"]
[BlackElo "1809"]
[Opening "Four knights: Scotch, 4...exd4"]
[ECO "C47"]
[NIC "SO.03"]
[Time "14:56:58"]
[TimeControl "180+0"]

1. e4 e5 2. Nc3 Nf6 3. Nf3 Nc6 4. d4 exd4 5. Nxd4 Bb4 6. Nxc6 bxc6 7. Bd3 d5
8. exd5 cxd5 9. O-O O-O 10. Bg5 c6 11. Qf3 Bd6 12. Bxf6 Qxf6 13. Qxf6 gxf6
14. Ne2 Rb8 15. b3 a5 16. Ng3 Be5 17. Rae1 a4 18. Nf5 Bxf5 19. Bxf5 axb3 20.
axb3 Ra8 21. f4 Bd4+ 22. Kh1 Rfe8 23. Rxe8+ Rxe8 24. Bd7 Re2 25. Bxc6 Rxc2
26. Bxd5 Rb2 27. Bc4 Be3 28. h3 Kg7 29. Kh2 h5 30. Kg3 Rc2 31. Rf3 Bd2 32.
Bd5 Be1+ 33. Kh2 h4 34. Bc4 Rb2 35. Re3 Bf2 36. Re2 Bg3+ 37. Kg1 Rb1+ 38.
Re1 Rxe1+ 39. Bf1 Bxf4 40. g3 hxg3 41. Kg2 Rb1 42. Bc4 Rb2+ 43. Kf3 g2
{White resigns}
0-1

[Event "ICCopen2016"]
[Site "Internet Chess Club"]
[Date "2016.06.04"]
[Round "6"]
[White "Chapo2"]
[Black "maly"]
[Result "0-1"]
[ICCResult "White resigns"]
[WhiteElo "1981"]
[BlackElo "2451"]
[Opening "Caro-Kann: exchange variation"]
[ECO "B13"]
[NIC "CK.02"]
[Time "14:57:00"]
[TimeControl "180+0"]

1. e4 c6 2. d4 d5 3. exd5 cxd5 4. Bf4 Nf6 5. Nf3 Nc6 6. c3 Bg4 7. Qb3 Qc8 8.
Nbd2 e6 9. Be2 Be7 10. O-O O-O 11. Rae1 a6 12. h3 Bh5 13. a3 b5 14. Qc2 Bg6
15. Bd3 Bxd3 16. Qxd3 Qb7 17. Ne5 Nxe5 18. Bxe5 a5 19. f4 g6 20. Rf3 b4 21.
axb4 axb4 22. Bxf6 Bxf6 23. Rfe3 bxc3 24. bxc3 Rfc8 25. Nf3 Ra3 26. Rc1 Qb2
27. Qd2 Qxd2 28. Nxd2 Bxd4 29. cxd4 Rxc1+ 30. Kf2 Rxe3 31. Kxe3 Kg7 32. Nf3
Rc3+ 33. Kf2 f6 34. g4 h6 35. h4 Kf7 36. g5 hxg5 37. hxg5 fxg5 38. fxg5 Ra3
39. Ne5+ Kg7 40. Nf3 Ra8 41. Ke3 Rf8 42. Ne5 Rf5 43. Nf3 Kf7 44. Kf2 Ke7 45.
Kg3 Kd6 46. Kg4 Rxf3 47. Kxf3 e5 48. Ke3 e4 49. Kf4 Ke6 50. Kg4 e3 51. Kf3
Kf5 52. Kxe3 Kxg5 53. Kf3 Kh4 54. Kf4 g5+ 55. Ke5 g4 56. Kxd5 g3 57. Kc6 g2
58. d5 g1=Q 59. d6 Qc1+ 60. Kb7 Qb2+ 61. Kc7 Qc3+ 62. Kd8 Qf6+ 63. Kc7 Qe5
64. Kc6 Kg5 65. d7 Qb8 {White resigns} 0-1

[Event "ICCopen2016"]
[Site "Internet Chess Club"]
[Date "2016.06.04"]
[Round "6"]
[White "hipopotamos"]
[Black "alexandros"]
[Result "0-1"]
[ICCResult "White checkmated"]
[WhiteElo "1084"]
[BlackElo "1621"]
[Opening "QP counter-gambit (elephant gambit)"]
[ECO "C40"]
[NIC "KP.10"]
[Time "14:57:18"]
[TimeControl "180+0"]

1. e4 e5 2. Nf3 d5 3. exd5 e4 4. Nd4 c5 5. Nb3 Bd6 6. Bb5+ Nd7 7. Bxd7+ Bxd7
8. O-O Nf6 9. Re1 O-O 10. d3 exd3 11. Qxd3 Qc7 12. h3 a6 13. N3d2 Rfe8 14.
Nf3 b5 15. Bg5 c4 16. Qd4 Bc5 17. Qc3 b4 18. Qd2 Ne4 19. Qc1 Bxf2+ 20. Kf1
Bxe1 21. Kxe1 Qg3+ 22. Kd1 Nxg5 23. b3 Nxf3 24. Qd2 Nxd2 25. Kxd2 Qxg2+ 26.
Kc1 c3 27. Nd2 Re1# {White checkmated} 0-1

[Event "ICCopen2016"]
[Site "Internet Chess Club"]
[Date "2016.06.04"]
[Round "6"]
[White "ARMCOMPOSER"]
[Black "Kakarotto"]
[Result "1-0"]
[ICCResult "Black resigns"]
[WhiteElo "3009"]
[BlackElo "2645"]
[Opening "French: Albin-Alekhine-Châtard attack"]
[ECO "C13"]
[NIC "FR.06"]
[Time "14:58:25"]
[TimeControl "180+0"]

1. e4 e6 2. d4 d5 3. Nc3 Nf6 4. Bg5 Be7 5. e5 Nfd7 6. h4 Nc6 7. Qd2 f6 8.
exf6 Nxf6 9. O-O-O a6 10. Kb1 b5 11. f3 b4 12. Na4 O-O 13. Nh3 Bd7 14. Nc5
Bxc5 15. dxc5 a5 16. Bd3 Ne5 17. Rhe1 Nxd3 18. cxd3 Qb8 19. Nf4 Ra6 20. d4
a4 21. Nd3 b3 22. a3 h6 23. Bxf6 Rxf6 24. Ne5 Be8 25. g4 Qd8 26. g5 hxg5 27.
hxg5 Rf5 28. f4 Rxe5 29. Rxe5 Bg6+ 30. Ka1 Qd7 31. Qh2 Ra8 32. Rde1 Bf5 33.
Rxf5 exf5 34. g6 {Black resigns} 1-0

[Event "ICCopen2016"]
[Site "Internet Chess Club"]
[Date "2016.06.04"]
[Round "6"]
[White "florish"]
[Black "akibael"]
[Result "0-1"]
[ICCResult "White resigns"]
[WhiteElo "1937"]
[BlackElo "2257"]
[Opening "QGD Slav: exchange variation"]
[ECO "D13"]
[NIC "SL.02"]
[Time "14:57:29"]
[TimeControl "180+0"]

1. d4 Nf6 2. Nf3 d5 3. c4 c6 4. cxd5 cxd5 5. Nc3 Nc6 6. e3 g6 7. h3 Bg7 8.
Bd3 O-O 9. O-O Bf5 10. Bxf5 gxf5 11. Bd2 e6 12. Rc1 Rc8 13. Ne2 Ne4 14. b4
a6 15. a3 Qe7 16. Nc3 Nxc3 17. Bxc3 Rc7 18. Bb2 Rfc8 19. Qd2 h6 20. Ne5 Nxe5
21. dxe5 Rc4 22. Rxc4 Rxc4 23. Bd4 Qc7 24. f4 Rc2 25. Qd1 Qc4 26. Qf3 Qa2
27. Kh2 Qxa3 28. Bc5 a5 29. Qg3 Kh7 30. Be7 Qd3 31. bxa5 Qxf1 32. Bf6 Bf8
{White resigns}
0-1

[Event "ICCopen2016"]
[Site "Internet Chess Club"]
[Date "2016.06.04"]
[Round "6"]
[White "MasterZachary"]
[Black "Nedwis"]
[Result "0-1"]
[ICCResult "White checkmated"]
[WhiteElo "2138"]
[BlackElo "2890"]
[Opening "Alekhine's defense: exchange variation"]
[ECO "B02"]
[NIC "AL.08"]
[Time "14:56:44"]
[TimeControl "180+0"]

1. e4 Nf6 2. e5 Nd5 3. c4 Nb6 4. d4 d6 5. exd6 exd6 6. Nf3 Be7 7. Be2 O-O 8.
O-O Bf6 9. Be3 Re8 10. Nc3 Nc6 11. d5 Ne5 12. Nxe5 Bxe5 13. Bd4 Bf5 14. Bxe5
Rxe5 15. Bd3 Qh4 16. Bxf5 Rxf5 17. b3 Re8 18. Re1 Qxf2+ 19. Kh1 Ree5 20. Ne4
Qh4 21. Ng3 Rg5 22. Rxe5 Rxe5 23. Qf3 Nd7 24. Rf1 Nf6 25. Nf5 Qe4 26. Nh6+
Kf8 27. Qh3 Qe2 28. g3 Qe4+ 29. Qg2 gxh6 30. Rxf6 Qb1+ 31. Rf1 Re1 32. Kg1
Rxf1+ 33. Qxf1 Qxa2 34. Qd3 Qa1+ 35. Kg2 Qb2+ 36. Kh3 Kg7 37. Qf3 Qe5 38.
Qg4+ Qg5 39. Qd4+ f6 40. Qxa7 Qh5+ 41. Kg2 Qe2+ 42. Kh3 Qf1+ 43. Kg4 h5+ 44.
Kh4 Qf5 45. Qxb7 Qg4# {White checkmated} 0-1

[Event "ICCopen2016"]
[Site "Internet Chess Club"]
[Date "2016.06.04"]
[Round "6"]
[White "jbow79"]
[Black "takes-takes"]
[Result "0-1"]
[ICCResult "White checkmated"]
[WhiteElo "924"]
[BlackElo "837"]
[Opening "Queen's pawn"]
[ECO "A40"]
[NIC "QO.17"]
[Time "14:57:07"]
[TimeControl "180+0"]

1. d4 e6 2. Nf3 Nf6 3. g3 c5 4. c3 cxd4 5. cxd4 d5 6. Bg2 Bd6 7. O-O O-O 8.
Nc3 Bd7 9. Bg5 Be7 10. Qd2 Bc6 11. Rfe1 Nbd7 12. e4 dxe4 13. Bxf6 Nxf6 14.
Nxe4 Nxe4 15. Qd3 Nf6 16. Ne5 Bxg2 17. Kxg2 Qd5+ 18. Kg1 Rad8 19. Nf3 Bd6
20. Rac1 Qxa2 21. Ng5 Qxb2 22. Rc2 Qb6 23. Rec1 Qa5 24. d5 Qxd5 25. Qe3 h6
26. Nf3 Qe4 27. Qd2 Qxf3 28. Qc3 Qxc3 29. Rxc3 Nd5 30. R3c2 b5 31. Ra2 Ra8
32. Rac2 a5 33. Rb2 b4 34. Rb3 a4 35. Rxb4 Bxb4 36. Rb1 a3 37. Rxb4 Nxb4 38.
Kg2 a2 39. Kf3 a1=Q 40. Kf4 Rfd8 41. Ke3 Rd3+ 42. Ke4 Qd4# {White
checkmated} 0-1

[Event "ICCopen2016"]
[Site "Internet Chess Club"]
[Date "2016.06.04"]
[Round "6"]
[White "MrGioMu"]
[Black "paulohaddad"]
[Result "1-0"]
[ICCResult "Black resigns"]
[WhiteElo "1861"]
[BlackElo "1665"]
[Opening "English: symmetrical variation"]
[ECO "A35"]
[NIC "EO.64"]
[Time "14:57:12"]
[TimeControl "180+0"]

1. c4 c5 2. Nc3 Nc6 3. e4 e5 4. d3 Nf6 5. h3 d6 6. g4 h6 7. Bg2 Nd4 8. Nge2
a6 9. Be3 b5 10. Qd2 b4 11. Bxd4 exd4 12. Nd1 g6 13. f4 Bg7 14. Nf2 a5 15.
O-O Bb7 16. Ng3 O-O 17. g5 hxg5 18. fxg5 Nd7 19. Ng4 Qe7 20. Rf2 f5 21. gxf6
Nxf6 22. Nh6+ Kh7 23. Ngf5 gxf5 24. Nxf5 Qe5 25. Nxg7 Kxg7 26. Rf5 Qe6 27.
Raf1 Rf7 28. Qg5+ Kf8 29. Rxf6 Qd7 30. Qh6+ Ke8 31. Qh8+ Ke7 32. Rxf7+
{Black resigns}
1-0

[Event "ICCopen2016"]
[Site "Internet Chess Club"]
[Date "2016.06.04"]
[Round "6"]
[White "kaimann"]
[Black "Nostradamus"]
[Result "0-1"]
[ICCResult "White resigns"]
[WhiteElo "1986"]
[BlackElo "2419"]
[Opening "Benko's opening"]
[ECO "A00"]
[NIC "VO.09"]
[Time "14:58:13"]
[TimeControl "180+0"]

1. g3 d5 2. Bg2 e5 3. Nf3 Nc6 4. d3 f6 5. b3 Be6 6. c4 Nge7 7. Bb2 Qd7 8.
cxd5 Nxd5 9. h3 O-O-O 10. Nc3 Bb4 11. Kf1 Nxc3 12. Bxc3 Bxc3 13. Rc1 Ba5 14.
a3 Bb6 15. b4 Nd4 16. Nd2 Bd5 17. e4 Be6 18. Nc4 Bxc4 19. dxc4 c5 20. bxc5
Bxc5 21. Kg1 Nc6 22. Qa4 Qd4 23. Rc2 Qa1+ 24. Kh2 Qxa3 25. Qb5 Qb4 26. Rb2
Qxb5 27. cxb5 Nd4 28. Rc1 b6 29. h4 Kb7 30. Bh3 Rhe8 31. Ra1 Nf3+ 32. Kg2
Bd4 33. Raa2 Bxb2 34. Rxb2 Ne1+ 35. Kh2 Nd3 36. Ra2 Nc5 37. Kg2 Rd4 38. Kh2
Red8 39. Bg2 Rd2 {White resigns} 0-1

[Event "ICCopen2016"]
[Site "Internet Chess Club"]
[Date "2016.06.04"]
[Round "6"]
[White "chessrex"]
[Black "InigoMI"]
[Result "1-0"]
[ICCResult "Black resigns"]
[WhiteElo "1943"]
[BlackElo "1536"]
[Opening "Paleface attack"]
[ECO "A45"]
[NIC "QP.07"]
[Time "14:57:38"]
[TimeControl "180+0"]

1. d4 Nf6 2. f3 c5 3. d5 e5 4. e4 d6 5. c4 Be7 6. Nc3 O-O 7. Be3 Ne8 8. Bd3
f5 9. exf5 Bxf5 10. Nge2 Bxd3 11. Qxd3 Bg5 12. O-O Bxe3+ 13. Qxe3 Nd7 14. f4
a6 15. Ne4 Ndf6 16. fxe5 Ng4 17. Qg3 Nxe5 18. Rxf8+ Kxf8 19. Rf1+ Nf6 20.
Qh4 Kg8 21. Nxf6+ gxf6 22. Rxf6 Qe7 23. Qg3+ Kh8 24. Re6 Qf7 25. Rxd6 Nxc4
26. Qc3+ Qg7 27. Qxc4 Rg8 28. Qc3 b5 29. Qxg7+ Kxg7 30. Rxa6 Rd8 31. Nf4
{Black resigns}
1-0

[Event "ICCopen2016"]
[Site "Internet Chess Club"]
[Date "2016.06.04"]
[Round "6"]
[White "Valai"]
[Black "Volkov"]
[Result "0-1"]
[ICCResult "White resigns"]
[WhiteElo "2562"]
[BlackElo "2871"]
[Opening "QGD Slav defense"]
[ECO "D10"]
[NIC "SL.01"]
[Time "14:57:59"]
[TimeControl "180+0"]

1. d4 d5 2. c4 c6 3. Nc3 Nf6 4. cxd5 cxd5 5. Bf4 Nc6 6. e3 a6 7. Rc1 Bg4 8.
f3 Bd7 9. Bd3 e6 10. Nge2 Be7 11. O-O O-O 12. Na4 Nh5 13. Nc5 Nxf4 14. Nxf4
Bxc5 15. Rxc5 Qb6 16. Qc2 Rfc8 17. Bxh7+ Kh8 18. Bd3 Nb4 19. Rxc8+ Rxc8 20.
Qb3 Qa5 21. Bb1 Bb5 22. a3 Bxf1 23. Kxf1 Rc1+ 24. Kf2 Nc6 25. Nd3 Rxb1 26.
Qxb7 Qd2+ {White resigns} 0-1

[Event "ICCopen2016"]
[Site "Internet Chess Club"]
[Date "2016.06.04"]
[Round "6"]
[White "The7thGuest"]
[Black "Peaceful-Death"]
[Result "1-0"]
[ICCResult "Black resigns"]
[WhiteElo "2159"]
[BlackElo "1800"]
[Opening "Queen's pawn: Yusupov-Rubinstein system"]
[ECO "A46"]
[NIC "QP.06"]
[Time "14:57:54"]
[TimeControl "180+0"]

1. d4 Nf6 2. Nf3 e6 3. e3 b6 4. Bd3 Bb7 5. O-O Be7 6. b3 O-O 7. Bb2 c5 8.
Nbd2 Na6 9. a3 Nc7 10. c4 d5 11. Qc2 Rc8 12. Rac1 h6 13. Qb1 Ba6 14. Ne5
cxd4 15. Nc6 Qd7 16. Nxe7+ Qxe7 17. exd4 dxc4 18. bxc4 b5 19. cxb5 Nxb5 20.
a4 Nc7 21. Rxc7 Bxd3 22. Rxe7 Bxb1 23. Nxb1 Rc4 24. Rxa7 Nd5 25. a5 Rb8 26.
Ba3 Rb3 27. Nd2 Rcc3 28. Nxb3 Rxb3 29. Bc5 Nc3 30. g3 Nb1 31. Rxb1 Rxb1+ 32.
Kg2 Rc1 33. a6 e5 34. Ra8+ Kh7 35. a7 exd4 36. Bxd4 Rc4 37. Be3 Ra4 38. Rb8
Kg6 39. a8=Q Rxa8 40. Rxa8 {Black resigns} 1-0

[Event "ICCopen2016"]
[Site "Internet Chess Club"]
[Date "2016.06.04"]
[Round "6"]
[White "gonesailing"]
[Black "kingsac"]
[Result "1-0"]
[ICCResult "Black checkmated"]
[WhiteElo "1639"]
[BlackElo "1798"]
[Opening "Old Benoni defense"]
[ECO "A43"]
[NIC "OI.09"]
[Time "14:56:52"]
[TimeControl "180+0"]

1. d4 c5 2. c4 cxd4 3. Nf3 Nc6 4. Nxd4 Qc7 5. Nc3 e6 6. e4 a6 7. f3 Bd6 8.
Be3 Bxh2 9. Bf2 Be5 10. Nxc6 bxc6 11. Qd2 Rb8 12. O-O-O Nf6 13. g3 Bxg3 14.
Rg1 Be5 15. Rxg7 Nxe4 16. Nxe4 Bxg7 17. Nd6+ Ke7 18. Bh4+ f6 19. Nf5+ exf5
20. Re1+ Kf7 21. c5 h5 22. Bc4+ Kf8 23. Qe2 Qe5 24. Qc2 Qf4+ 25. Kb1 Qxh4
26. Qe2 Qxe1+ 27. Qxe1 f4 28. Qh4 f5 29. b3 Be5 30. Qd8+ Kg7 31. Qe7+ Kg6
32. Qxe5 a5 33. Qxb8 d5 34. cxd6 Re8 35. Qc7 h4 36. Qf7+ Kg5 37. Qxe8 h3 38.
Qg8+ Kh4 39. Bf1 h2 40. Qg2 Ba6 41. Qxh2+ Kg5 42. Bxa6 c5 43. Qg2+ Kf6 44.
d7 c4 45. d8=Q+ Ke5 46. Qe2# {Black checkmated} 1-0

[Event "ICCopen2016"]
[Site "Internet Chess Club"]
[Date "2016.06.04"]
[Round "6"]
[White "Heinichess"]
[Black "atilycsy"]
[Result "1-0"]
[ICCResult "Black resigns"]
[WhiteElo "1844"]
[BlackElo "1586"]
[Opening "Petrov: classical attack, Jaenisch variation"]
[ECO "C42"]
[NIC "RG.06"]
[Time "14:57:11"]
[TimeControl "180+0"]

1. e4 e5 2. Nf3 Nf6 3. Nxe5 d6 4. Nf3 Nxe4 5. d4 d5 6. Bd3 Nc6 7. O-O Be7 8.
c4 Nf6 9. Re1 O-O 10. Nc3 Bg4 11. Be3 Nb4 12. Be2 dxc4 13. a3 Nbd5 14. Bxc4
c6 15. h3 Bh5 16. g4 Bg6 17. Bg5 h6 18. Bh4 Nxc3 19. bxc3 Ne4 20. Bxe7 Qxe7
21. Ne5 Rae8 22. Nxg6 Qf6 23. Rxe4 Qxg6 24. Rxe8 Rxe8 25. d5 b5 26. Bf1 Rd8
27. Bg2 cxd5 28. Qd4 Qc6 29. Rd1 Rd6 30. Bxd5 Qd7 31. Bxf7+ Kxf7 32. Qxd6
Qb7 33. Qd5+ Qxd5 34. Rxd5 a6 35. Rd7+ Ke6 36. Ra7 Kd5 37. Rxa6 Kc4 38. Rg6
Kxc3 39. Rxg7 Kb3 40. Rb7 Ka4 41. h4 Kxa3 42. Rxb5 Ka4 43. g5 Kxb5 44. gxh6
Kc4 45. h7 {Black resigns} 1-0

[Event "ICCopen2016"]
[Site "Internet Chess Club"]
[Date "2016.06.04"]
[Round "6"]
[White "B-Alqudaimi"]
[Black "MBJPM"]
[Result "1-0"]
[ICCResult "Black resigns"]
[WhiteElo "2437"]
[BlackElo "1843"]
[Opening "Sicilian: Keres variation (2.Ne2)"]
[ECO "B20"]
[NIC "SI.48"]
[Time "14:58:16"]
[TimeControl "180+0"]

1. e4 c5 2. Ne2 d6 3. g3 Nf6 4. Bg2 a6 5. c3 Nbd7 6. d4 g6 7. O-O Bg7 8. f4
O-O 9. e5 Ne8 10. Be3 cxd4 11. cxd4 Nc7 12. Nbc3 dxe5 13. dxe5 Nb5 14. a4
Nxc3 15. Nxc3 e6 16. Ne4 Qa5 17. Nd6 Nxe5 18. fxe5 Qxe5 19. Bb6 Qxb2 20. Rb1
Qa3 21. a5 Be5 22. Nc4 Qc3 23. Rc1 Qb4 24. Nxe5 {Black resigns} 1-0

[Event "ICCopen2016"]
[Site "Internet Chess Club"]
[Date "2016.06.04"]
[Round "6"]
[White "Sam08"]
[Black "catman"]
[Result "1-0"]
[ICCResult "Black checkmated"]
[WhiteElo "2398"]
[BlackElo "1828"]
[Opening "QGD: 4.Nf3"]
[ECO "D37"]
[NIC "QI.01"]
[Time "14:57:27"]
[TimeControl "180+0"]

1. d4 Nf6 2. c4 e6 3. Nf3 d5 4. Nc3 dxc4 5. e4 Bb4 6. Bg5 c5 7. Bxc4 cxd4 8.
Nxd4 Bxc3+ 9. bxc3 Qa5 10. Bb5+ Bd7 11. Bxf6 gxf6 12. Bxd7+ Nxd7 13. O-O Rg8
14. Rb1 Qc7 15. Nb5 Qc6 16. Qd6 Qxe4 17. g3 Rc8 18. Qa3 Qc6 19. Nd6+ Kd8 20.
Rxb7 Nc5 21. Nxf7+ Ke8 22. Rxa7 Rf8 23. Nh6 Nd7 24. Rd1 Ne5 25. Qe7#
{Black checkmated}
1-0

[Event "ICCopen2016"]
[Site "Internet Chess Club"]
[Date "2016.06.04"]
[Round "6"]
[White "Sc6"]
[Black "hawkstorm"]
[Result "1-0"]
[ICCResult "Black forfeits on time"]
[WhiteElo "1813"]
[BlackElo "1583"]
[Opening "Latvian counter-gambit"]
[ECO "C40"]
[NIC "KP.09"]
[Time "14:56:42"]
[TimeControl "180+0"]

1. e4 e5 2. Nf3 f5 3. Nxe5 d6 4. Nc4 fxe4 5. Be2 Nf6 6. O-O c6 7. d3 b5 8.
Ne3 exd3 9. Bxd3 Be7 10. Re1 O-O 11. Nc3 d5 12. Ne2 a6 13. c3 c5 14. Ng3 Bd6
15. Nef5 Bxf5 16. Bxf5 Nc6 17. Qc2 Ra7 18. Bg5 Ne5 19. Bxf6 Qxf6 20. Bxh7+
Kh8 21. Bf5 Qh4 22. Rad1 Raf7 23. Rxd5 Nc4 24. b3 Bxg3 25. hxg3 Qg5 26. Be6
Qf6 27. bxc4 Re7 28. Rde5 Rfe8 29. Qe4 g6 30. Qf4 Qg7 31. Qh4+ Qh7 32. Qxh7+
Kxh7 33. f4 bxc4 34. Bxc4 Rxe5 35. Rxe5 Rd8 36. Re2 Rd1+ 37. Kf2 Rb1 38. Rc2
{Black forfeits on time}
1-0

[Event "ICCopen2016"]
[Site "Internet Chess Club"]
[Date "2016.06.04"]
[Round "6"]
[White "Barbos"]
[Black "cstefan"]
[Result "1-0"]
[ICCResult "Black resigns"]
[WhiteElo "2550"]
[BlackElo "1996"]
[Opening "QGD: Albin counter-gambit, 5.g3"]
[ECO "D09"]
[NIC "QG.02"]
[Time "14:56:51"]
[TimeControl "180+0"]

1. d4 d5 2. c4 e5 3. dxe5 d4 4. Nf3 Nc6 5. g3 f6 6. exf6 Nxf6 7. Bg2 Bc5 8.
O-O O-O 9. a3 a5 10. Nbd2 Bg4 11. Nb3 Ba7 12. c5 a4 13. Nbxd4 Nxd4 14. Qxd4
Qxd4 15. Nxd4 Bxc5 16. Be3 c6 17. h3 Bh5 18. Rac1 Ba7 19. g4 Bg6 20. Nc2 Be4
21. f3 Bd5 22. Bxa7 Rxa7 23. e4 Bf7 24. f4 Rd8 25. Rfd1 Raa8 26. Nd4 Kf8 27.
Kf2 g6 28. g5 Nh5 29. Ke3 Ke7 30. h4 c5 31. Nb5 Bb3 32. Rxd8 Rxd8 33. f5 b6
34. f6+ Kf7 35. e5 Be6 36. Nd6+ Kf8 37. Rd1 Ng3 38. Bd5 Bg4 39. Rd3 Nf5+ 40.
Nxf5 Bxf5 41. Be4 Rxd3+ 42. Bxd3 Be6 43. Kd2 Kf7 44. Kc3 Bd5 45. Bc4 Bxc4
46. Kxc4 Ke6 47. Kb5 {Black resigns} 1-0

[Event "ICCopen2016"]
[Site "Internet Chess Club"]
[Date "2016.06.04"]
[Round "6"]
[White "JohnnieW"]
[Black "Zebbile"]
[Result "1-0"]
[ICCResult "Black checkmated"]
[WhiteElo "2041"]
[BlackElo "1755"]
[Opening "Grünfeld: modern exchange variation"]
[ECO "D85"]
[NIC "GI.04"]
[Time "14:56:33"]
[TimeControl "180+0"]

1. d4 Nf6 2. c4 g6 3. Nc3 d5 4. cxd5 Nxd5 5. e4 Nxc3 6. bxc3 Bg7 7. Nf3 O-O
8. Be2 b6 9. O-O Bb7 10. Qd3 Qd7 11. Bg5 Re8 12. Qe3 Nc6 13. e5 e6 14. Nd2
Ne7 15. g4 Rab8 16. Ne4 Bxe4 17. Qxe4 Qd5 18. Qe3 c5 19. Bf3 Qc4 20. Be2 Qd5
21. f4 cxd4 22. cxd4 Rbc8 23. Bd3 Qa5 24. a4 Nd5 25. Qe4 Nc3 26. Qf3 Qb4 27.
Qe3 Nd5 28. Qf2 Qc3 29. Rad1 Nb4 30. Be4 Rc4 31. f5 exf5 32. gxf5 Bxe5 33.
fxg6 hxg6 34. Qxf7+ Kh8 35. Qxe8+ Kg7 36. Qxg6+ Kh8 37. Qh7# {Black
checkmated} 1-0

[Event "ICCopen2016"]
[Site "Internet Chess Club"]
[Date "2016.06.04"]
[Round "6"]
[White "ncc-1701"]
[Black "toktok"]
[Result "1-0"]
[ICCResult "Black resigns"]
[WhiteElo "1936"]
[BlackElo "1708"]
[Opening "Dutch with c4 & Nc3"]
[ECO "A85"]
[NIC "HD.05"]
[Time "14:58:16"]
[TimeControl "180+0"]

1. d4 f5 2. c4 Nf6 3. Nc3 e6 4. Nf3 d5 5. Bg5 c6 6. e3 Bd6 7. Bd3 O-O 8. O-O
Bd7 9. c5 Bc7 10. b4 a6 11. a4 Be8 12. b5 axb5 13. axb5 Rxa1 14. Qxa1 Nbd7
15. bxc6 bxc6 16. Ne5 Nxe5 17. dxe5 Bxe5 18. f4 Bc7 19. Rb1 h6 20. Bh4 Bh5
21. Ne2 Bxe2 22. Bxe2 Qd7 23. Rb7 Rb8 24. Rxb8+ Bxb8 25. Bxf6 gxf6 26. Qxf6
Kh7 27. Bh5 Qg7 28. Qxe6 Qa1+ 29. Kf2 Qb2+ 30. Be2 Qc2 31. Qf7+ Kh8 32. Qf8+
Kh7 33. Qxb8 Qxc5 34. Qe5 Qf8 35. Bd3 {Black resigns} 1-0